Nashville Predators vs New York Rangers
Created - Wednesday, February 26, 2025 at 08:04
Goals
|
| Nashville Predators |
3 |
2 |
2 |
7 |
| New York Rangers |
0 |
0 |
1 |
1 |
|
Shots
|
| Nashville Predators |
14 |
14 |
9 |
37 |
| New York Rangers |
16 |
7 |
14 |
37 |
|
1st period
1. Nashville Predators , Brandon Montour 1 (Timo Meier 4, Thatcher Demko) at 0:40 (PP)
2. Nashville Predators , Taylor Raddysh 2 (Jack Roslovic 2, Christian Dvorak 3) at 4:58
3. Nashville Predators , Thomas Novak 2 (Travis Sanheim 4, Pius Suter 3) at 6:43
Penalties :
Nathan MacKinnon (NYR) for Interference (Minor) at 0:25, Brandon Hagel (NSH) for High sticking (Minor) at 1:54, Brandon Montour (NSH) for Slashing (Minor) at 17:52, Artemi Panarin (NYR) for Roughing (Minor) at 18:17
2nd period
4. Nashville Predators , Brandon Montour 2 (Artem Zub 3, Thatcher Demko) at 9:19
5. Nashville Predators , Alex DeBrincat 7 (Travis Sanheim 5, Timo Meier 5) at 18:39 (PP)
Penalties :
Brandon Montour (NSH) for Roughing (Minor) at 6:03, Leo Carlsson (NSH) for High sticking (Minor) at 11:51, Mathew Barzal (NYR) for Hooking (Minor) at 18:08
3rd period
6. Nashville Predators , Taylor Raddysh 3 (Ben Chiarot 3, Jack Roslovic 3) at 11:52
7. New York Rangers , Adam Larsson 1 (Mathew Barzal 12, Artemi Panarin 7) at 12:06
8. Nashville Predators , Christian Dvorak 3 (Brandon Montour 6) at 17:29
Penalties :
Marcus Foligno (NYR) for Holding (Minor) at 4:06, Kyle Burroughs (NYR) for Holding (Minor) at 9:37, Adam Larsson (NYR) for Fighting (Major) at 17:32, Brandon Hagel (NSH) for Fighting (Major) at 17:32, Dylan Strome (NYR) for Roughing (Minor) at 19:43
Goalie Stats
Thatcher Demko (NSH), 36 saves from 37 shots - (0.973), W, 9-6-1, 60:00 minutes
Igor Shesterkin (NYR), 30 saves from 37 shots - (0.811), L, 7-8-2, 60:00 minutes
Players Stats for Nashville Predators
Player Name G A P +/- PIM S H SB GA TA FO MP PP MP PK MP
------------------------------------------------------------------------------------
Alex DeBrincat 1 0 1 -1 0 2 0 0 0 0 0/3 16:53 2:30 0:16
Alexander Wennberg 0 0 0 1 0 2 0 1 0 0 2/7 15:08 0:00 1:21
Artem Zub 0 1 1 0 0 2 3 1 0 0 0/0 22:48 0:29 3:56
Ben Chiarot 0 1 1 3 0 1 1 1 0 0 0/0 12:22 0:00 0:40
Brandon Hagel 0 0 0 -1 7 5 1 0 0 0 2/2 19:22 2:33 2:33
Brandon Montour 2 1 3 0 4 3 3 2 0 2 0/0 22:42 2:16 1:30
Christian Dvorak 1 1 2 3 0 1 0 0 3 0 1/2 8:40 0:00 1:21
Colton Sissons 0 0 0 -1 0 2 2 1 0 1 11/27 21:10 2:55 3:35
Jack Roslovic 0 2 2 3 0 0 1 0 0 0 0/0 7:19 0:00 0:00
Leo Carlsson 0 0 0 1 2 3 0 1 0 0 0/2 17:42 2:55 0:58
Mattias Samuelsson 0 0 0 3 0 2 1 0 0 1 0/0 12:33 0:06 0:16
Pius Suter 0 1 1 1 0 2 0 0 0 0 2/5 16:30 2:30 1:36
Rasmus Andersson 0 0 0 1 0 1 0 2 1 0 0/0 23:16 2:46 2:38
Taylor Raddysh 2 0 2 3 0 3 1 0 0 0 0/0 7:19 0:00 0:00
Thomas Novak 1 0 1 1 0 2 2 0 1 0 2/9 12:01 0:00 0:00
Timo Meier 0 2 2 1 0 2 1 0 1 0 0/0 15:14 2:30 0:00
Travis Sanheim 0 2 2 1 0 1 1 1 0 1 0/0 23:05 2:10 3:44
Trevor Zegras 0 0 0 1 0 3 1 1 0 0 0/2 17:55 3:25 1:04
Players Stats for New York Rangers
Player Name G A P +/- PIM S H SB GA TA FO MP PP MP PK MP
------------------------------------------------------------------------------------
Adam Larsson 1 0 1 0 5 2 1 0 0 0 0/0 17:21 0:00 2:26
Artemi Panarin 0 1 1 0 2 6 0 0 0 0 1/1 17:59 3:40 0:00
Brendan Smith 0 0 0 -3 0 2 1 2 0 2 0/0 18:07 0:31 3:00
Cam Fowler 0 0 0 0 0 0 0 1 1 1 0/0 24:46 3:17 2:29
Cole Caufield 0 0 0 -3 0 2 1 1 0 0 0/1 17:01 3:41 0:18
Conor Garland 0 0 0 0 0 1 3 0 0 0 0/0 7:52 0:21 0:00
David Kampf 0 0 0 0 0 1 0 0 0 0 6/6 10:21 0:00 2:39
Dylan Strome 0 0 0 0 2 1 0 1 0 1 13/20 18:12 2:41 0:00
Jake McCabe 0 0 0 -1 0 3 2 0 0 1 0/0 18:32 0:00 0:26
Jake Walman 0 0 0 -2 0 1 1 1 0 1 0/0 21:34 2:34 2:56
Joe Pavelski 0 0 0 -1 0 4 3 0 0 0 1/2 15:02 2:20 0:06
Kyle Burroughs 0 0 0 -2 2 1 2 1 0 0 0/0 13:08 0:00 0:00
Marcus Foligno 0 0 0 0 2 0 0 1 0 0 0/0 9:46 0:00 1:40
Mathew Barzal 0 1 1 0 2 2 0 1 1 0 0/1 18:28 3:48 0:00
Mikael Granlund 0 0 0 -1 0 2 0 1 0 0 9/15 17:45 2:34 2:22
Nathan MacKinnon 0 0 0 -3 2 4 1 0 1 0 8/10 16:18 3:41 0:06
Nikolaj Ehlers 0 0 0 -3 0 2 0 0 1 0 0/0 15:28 2:41 0:50
Teuvo Teravainen 0 0 0 -1 0 3 0 1 1 0 1/3 15:14 0:00 2:22
3 Stars
1 - Taylor Raddysh (NSH)
2 - Thatcher Demko (NSH)
3 - Christian Dvorak (NSH)
Power Play
Nashville Predators - 2 on 6 Attempt(s) - 33.33%
New York Rangers - 0 on 4 Attempt(s) - 0.00%
Penalty Kill
Nashville Predators - 4 on 4 Attempt(s) - 100.00%
- Score 0 goal in Penalty Kill
New York Rangers - 4 on 6 Attempt(s) - 66.67%
- Score 0 goal in Penalty Kill
Team Stat
Nashville Predators - Hits : 18 - Faceoff Wins : 20 - Blocked Shots : 11 - Penalty Minutes : 13
New York Rangers - Hits : 15 - Faceoff Wins : 39 - Blocked Shots : 11 - Penalty Minutes : 17
Official
Referees : Kevin Pollock and Marc Joannette
Linesman : Matt MacPherson and Dan Kelly
Game Notes
13:58 of 1st period - New York Rangers goal is going for a video replay. After video review, No Goal. The puck has been directed, batted or thrown into the net by an attacking player other than with a stick.
19:44 of 1st period - Nashville Predators goal is going for a video replay. After video review, No Goal. The goal has been scored and an ineligible player is on the ice.
Brandon Hagel beats up Adam Larsson at 17:32 of 3rd period
Finance
Level 1 -- Attendance: 4920 (82.00%) -- Ticket Income $501,840
Level 2 -- Attendance: 3790 (75.80%) -- Ticket Income $238,770
Level 3 -- Attendance: 2040 (68.00%) -- Ticket Income $83,640
Level 4 -- Attendance: 3467 (69.34%) -- Ticket Income $97,076
Luxury Box -- Attendance: 916 (91.60%) -- Ticket Income $178,620
Game was played at the Madison Square Garden.
Total Attendance: 15133 (75.67%)
Total Ticket Income: $1,099,946
Other Income: $384,981
Total Income: $1,484,927
Nashville Predators
5 vs 5 Forward
Center Left Wing Right Wing Time % Phy DF OF
1 Colton Sissons Brandon Hagel Alex DeBrincat 37 0 2 3
2 Alexander Wennberg Trevor Zegras Timo Meier 33 0 2 3
3 Thomas Novak Pius Suter Leo Carlsson 25 0 2 3
4 Christian Dvorak Jack Roslovic Taylor Raddysh 5 0 3 2
5 vs 5 Defense
Defense Defense Time % Phy DF OF
1 Artem Zub Brandon Montour 40 1 2 2
2 Rasmus Andersson Travis Sanheim 36 1 4 0
3 Ben Chiarot Mattias Samuelsson 24 0 5 0
4 Artem Zub Ben Chiarot 0 1 3 1
PowerPlay Forward
Center Left Wing Right Wing Time % Phy DF OF
1 Pius Suter Timo Meier Alex DeBrincat 50 1 1 3
2 Colton Sissons Brandon Hagel Leo Carlsson 50 1 1 3
PowerPlay Defense
Defense Defense Time % Phy DF OF
1 Brandon Montour Travis Sanheim 50 1 1 3
2 Trevor Zegras Rasmus Andersson 50 2 2 1
Penalty Kill 4 Players Forward
Center Wing Time % Phy DF OF
1 Colton Sissons Brandon Hagel 65 1 2 2
2 Christian Dvorak Alexander Wennberg 35 1 2 2
Penalty Kill 4 Players Defense
Defense Defense Time % Phy DF OF
1 Artem Zub Travis Sanheim 60 2 3 0
2 Brandon Montour Rasmus Andersson 40 1 3 1
Penalty Kill - 3 Players Forward
Forward Time % Phy DF OF
1 Colton Sissons 50 1 2 2
2 Christian Dvorak 50 1 2 2
Penalty Kill - 3 Players Defense
Defense Defense Time % Phy DF OF
1 Artem Zub Travis Sanheim 50 1 2 2
2 Brandon Montour Rasmus Andersson 50 1 2 2
4 vs 4 Forward
Center Wing Time % Phy DF OF
1 Colton Sissons Leo Carlsson 50 1 2 2
2 Alexander Wennberg Brandon Hagel 50 1 2 2
4 vs 4 Defense
Defense Defense Time % Phy DF OF
1 Brandon Montour Travis Sanheim 60 2 2 1
2 Rasmus Andersson Artem Zub 40 2 2 1
Last Minutes Offensive
Center Left Wing Right Wing Defense Defense
Colton Sissons Alex DeBrincat Timo Meier Brandon Hagel Brandon Montour
Last Minutes Defensive
Center Left Wing Right Wing Defense Defense
Alexander Wennberg Brandon Hagel Colton Sissons Artem Zub Travis Sanheim
Goaltenders
Starting : Thatcher Demko
Backup : Anthony Stolarz
Extra Forwards
Normal : Leo Carlsson, Trevor Zegras, Pius Suter - PP : Trevor Zegras, Thomas Novak - PK : Leo Carlsson
Extra Defensemen
Normal : Rasmus Andersson, Brandon Montour, Travis Sanheim - PP : Rasmus Andersson - PK : Ben Chiarot, Artem Zub
Penalty Shots
Alex DeBrincat, Brandon Hagel, Thomas Novak, Timo Meier, Leo Carlsson
Scratches
Jayden Struble (Healthy), Kailer Yamamoto (Healthy), Victor Olofsson (Healthy), Mads Sogaard (Healthy), Samuel Ersson (Healthy)
New York Rangers
5 vs 5 Forward
Center Left Wing Right Wing Time % Phy DF OF
1 Dylan Strome Artemi Panarin Mathew Barzal 32 0 1 4
2 Nathan MacKinnon Cole Caufield Nikolaj Ehlers 29 1 1 3
3 Mikael Granlund Teuvo Teravainen Joe Pavelski 29 1 2 2
4 David Kampf Conor Garland Marcus Foligno 10 1 3 1
5 vs 5 Defense
Defense Defense Time % Phy DF OF
1 Cam Fowler Adam Larsson 36 1 2 2
2 Jake McCabe Jake Walman 34 1 2 2
3 Brendan Smith Kyle Burroughs 30 1 2 2
4 Cam Fowler Jake McCabe 0 1 2 2
PowerPlay Forward
Center Left Wing Right Wing Time % Phy DF OF
1 Nathan MacKinnon Artemi Panarin Cole Caufield 60 0 1 4
2 Dylan Strome Joe Pavelski Nikolaj Ehlers 40 0 1 4
PowerPlay Defense
Defense Defense Time % Phy DF OF
1 Cam Fowler Mathew Barzal 60 0 2 3
2 Mikael Granlund Jake Walman 40 0 2 3
Penalty Kill 4 Players Forward
Center Wing Time % Phy DF OF
1 David Kampf Marcus Foligno 50 1 3 1
2 Mikael Granlund Teuvo Teravainen 50 1 3 1
Penalty Kill 4 Players Defense
Defense Defense Time % Phy DF OF
1 Jake Walman Brendan Smith 50 1 3 1
2 Adam Larsson Cam Fowler 50 1 3 1
Penalty Kill - 3 Players Forward
Forward Time % Phy DF OF
1 David Kampf 50 1 4 0
2 Mikael Granlund 50 1 4 0
Penalty Kill - 3 Players Defense
Defense Defense Time % Phy DF OF
1 Jake Walman Brendan Smith 50 1 4 0
2 Adam Larsson Cam Fowler 50 1 4 0
4 vs 4 Forward
Center Wing Time % Phy DF OF
1 Nathan MacKinnon Artemi Panarin 50 1 2 2
2 Dylan Strome Cole Caufield 50 1 2 2
4 vs 4 Defense
Defense Defense Time % Phy DF OF
1 Cam Fowler Jake McCabe 50 1 2 2
2 Adam Larsson Jake Walman 50 1 2 2
Last Minutes Offensive
Center Left Wing Right Wing Defense Defense
Nathan MacKinnon Artemi Panarin Mathew Barzal Cam Fowler Jake Walman
Last Minutes Defensive
Center Left Wing Right Wing Defense Defense
David Kampf Mikael Granlund Marcus Foligno Jake Walman Brendan Smith
Goaltenders
Starting : Igor Shesterkin
Backup : Alex Lyon
Extra Forwards
Normal : Dylan Strome, Joe Pavelski, Nikolaj Ehlers - PP : Dylan Strome, Conor Garland - PK : Nikolaj Ehlers
Extra Defensemen
Normal : Brendan Smith, Jake Walman, Adam Larsson - PP : Brendan Smith - PK : Jake Walman, Adam Larsson
Penalty Shots
Artemi Panarin, Dylan Strome, Cole Caufield, Conor Garland, Nathan MacKinnon
Scratches
Matthew Benning (Healthy), Kevin Lankinen (Healthy)
% Time on Ice - Nashville Predators
Lines # - Real PCT - Wanted PCT - Time Play
Normal Forward
1 - 31% - 37% - 14:31
2 - 27% - 33% - 12:48
3 - 26% - 25% - 12:01
4 - 16% - 5% - 7:19
Normal Defense
1 - 40% - 40% - 18:32
2 - 35% - 36% - 16:25
3 - 25% - 24% - 11:42
4 - 0% - 0% - 0:00
PP Forward
1 - 48% - 50% - 2:36
2 - 52% - 50% - 2:49
PP Defense
1 - 42% - 50% - 2:16
2 - 58% - 50% - 3:09
PK Forward
1 - 79% - 65% - 5:01
2 - 21% - 35% - 1:21
PK Defense
1 - 59% - 60% - 3:44
2 - 41% - 40% - 2:38
PK3 Forward
1 - 0% - 50%
2 - 0% - 50%
PK3 Defense
1 - 0% - 50%
2 - 0% - 50%
44 Forward
1 - 35% - 50% - 0:33
2 - 65% - 50% - 1:01
44 Defense
1 - 100% - 60% - 1:34
2 - 0% - 40% - 0:00
Last Minute Offensive - 0:00
Last Minute Defensive - 0:00
Total
Forward - 60:00
Defense - 60:00
|
% Time on Ice - New York Rangers
Lines # - Real PCT - Wanted PCT - Time Play
Normal Forward
1 - 31% - 32% - 14:22
2 - 26% - 29% - 12:19
3 - 27% - 29% - 12:27
4 - 16% - 10% - 7:31
Normal Defense
1 - 35% - 36% - 16:33
2 - 36% - 34% - 16:57
3 - 28% - 30% - 13:09
4 - 0% - 0% - 0:00
PP Forward
1 - 58% - 60% - 3:41
2 - 42% - 40% - 2:41
PP Defense
1 - 60% - 60% - 3:48
2 - 40% - 40% - 2:34
PK Forward
1 - 56% - 50% - 3:03
2 - 44% - 50% - 2:22
PK Defense
1 - 52% - 50% - 2:50
2 - 48% - 50% - 2:35
PK3 Forward
1 - 0% - 50%
2 - 0% - 50%
PK3 Defense
1 - 0% - 50%
2 - 0% - 50%
44 Forward
1 - 34% - 50% - 0:32
2 - 66% - 50% - 1:02
44 Defense
1 - 93% - 50% - 1:27
2 - 7% - 50% - 0:07
Last Minute Offensive - 0:00
Last Minute Defensive - 0:00
Total
Forward - 60:00
Defense - 60:00
|
Play-by-Play
1st period
0:01 of 1st period - Dylan Strome wins face-off versus Alex DeBrincat in neutral zone.
0:25 of 1st period - Minor Penalty to Nathan MacKinnon for Interference.
0:26 of 1st period - David Kampf wins face-off versus Pius Suter in New York Rangers zone.
0:38 of 1st period - Wrist shot by Timo Meier.
0:38 of 1st period - Deflect By Mikael Granlund.
0:38 of 1st period - Stopped by Igor Shesterkin with a rebound.
0:40 of 1st period - Slapshot by Brandon Montour.
0:40 of 1st period - Goal by Brandon Montour - Nashville Predators : 1 - New York Rangers : 0.
0:41 of 1st period - Mikael Granlund wins face-off versus Thomas Novak in neutral zone.
1:12 of 1st period - Wrist shot by Cole Caufield.
1:12 of 1st period - Shot Misses the Net.
1:14 of 1st period - Slapshot by Nikolaj Ehlers.
1:14 of 1st period - Stopped by Thatcher Demko without a rebound.
1:15 of 1st period - David Kampf wins face-off versus Trevor Zegras in Nashville Predators zone.
1:18 of 1st period - Slapshot by Marcus Foligno.
1:18 of 1st period - Shot Misses the Net.
1:20 of 1st period - Snap shot by Conor Garland.
1:20 of 1st period - Shot Blocked by Ben Chiarot.
1:30 of 1st period - Snap shot by David Kampf.
1:30 of 1st period - Stopped by Thatcher Demko without a rebound.
1:31 of 1st period - Dylan Strome wins face-off versus Colton Sissons in Nashville Predators zone.
1:46 of 1st period - Snap shot by Artemi Panarin.
1:46 of 1st period - Shot Misses the Net.
1:48 of 1st period - Backhand shot by Brendan Smith.
1:48 of 1st period - Stopped by Thatcher Demko with a rebound.
1:54 of 1st period - Minor Penalty to Brandon Hagel for High sticking.
1:55 of 1st period - Nathan MacKinnon wins face-off versus Colton Sissons in Nashville Predators zone.
2:00 of 1st period - Wrist shot by Artemi Panarin.
2:00 of 1st period - Stopped by Thatcher Demko with a rebound.
2:32 of 1st period - Wrist shot by Dylan Strome.
2:32 of 1st period - Stopped by Thatcher Demko with a rebound.
3:54 of 1st period - Penalty to Brandon Hagel is over, Brandon Hagel is back on ice.
4:04 of 1st period - Icing by Timo Meier.
4:05 of 1st period - David Kampf wins face-off versus Alexander Wennberg in Nashville Predators zone.
4:56 of 1st period - Backhand shot by Christian Dvorak.
4:56 of 1st period - Shot Misses the Net.
4:58 of 1st period - Snap shot by Jack Roslovic.
4:58 of 1st period - Deflect By Taylor Raddysh.
4:58 of 1st period - Goal by Taylor Raddysh - Nashville Predators : 2 - New York Rangers : 0.
4:59 of 1st period - Mikael Granlund wins face-off versus Thomas Novak in neutral zone.
5:30 of 1st period - Snap shot by Leo Carlsson.
5:30 of 1st period - Shot Misses the Net.
5:32 of 1st period - Slapshot by Travis Sanheim.
5:32 of 1st period - Deflect By Thomas Novak.
5:32 of 1st period - Shot Misses the Net.
5:32 of 1st period - Puck is out of play.
5:33 of 1st period - Brandon Hagel wins face-off versus Dylan Strome in New York Rangers zone.
5:54 of 1st period - Slapshot by Artemi Panarin.
5:54 of 1st period - Shot Blocked by Alexander Wennberg.
6:00 of 1st period - Artemi Panarin is hit by Artem Zub and loses puck.
6:39 of 1st period - Wrist shot by Pius Suter.
6:39 of 1st period - Stopped by Igor Shesterkin with a rebound.
6:41 of 1st period - Slapshot by Travis Sanheim.
6:41 of 1st period - Shot Misses the Net.
6:43 of 1st period - Snap shot by Thomas Novak.
6:43 of 1st period - Goal by Thomas Novak - Nashville Predators : 3 - New York Rangers : 0.
6:44 of 1st period - Colton Sissons wins face-off versus Mikael Granlund in neutral zone.
6:59 of 1st period - Snap shot by Alex DeBrincat.
6:59 of 1st period - Shot Misses the Net.
7:09 of 1st period - Artem Zub is hit by Kyle Burroughs.
7:29 of 1st period - Off-side.
7:30 of 1st period - Dylan Strome wins face-off versus Thomas Novak in neutral zone.
7:57 of 1st period - Jake Walman is hit by Brandon Montour and loses puck.
8:20 of 1st period - Slapshot by Cole Caufield.
8:20 of 1st period - Stopped by Thatcher Demko without a rebound.
8:21 of 1st period - Colton Sissons wins face-off versus Nathan MacKinnon in Nashville Predators zone.
8:28 of 1st period - Wrist shot by Nikolaj Ehlers.
8:28 of 1st period - Stopped by Thatcher Demko with a rebound.
8:30 of 1st period - Snap shot by Brendan Smith.
8:30 of 1st period - Stopped by Thatcher Demko without a rebound.
8:31 of 1st period - Colton Sissons wins face-off versus Teuvo Teravainen in Nashville Predators zone.
8:35 of 1st period - Brendan Smith is hit by Brandon Montour and loses puck.
9:09 of 1st period - Nikolaj Ehlers is hit by Trevor Zegras and loses puck.
9:40 of 1st period - Mattias Samuelsson is hit by Conor Garland.
10:19 of 1st period - Brandon Hagel is hit by Jake McCabe and loses puck.
11:03 of 1st period - Wrist shot by Nathan MacKinnon.
11:03 of 1st period - Shot Hit the Post.
11:07 of 1st period - Snap shot by Mathew Barzal.
11:07 of 1st period - Stopped by Thatcher Demko with a rebound.
11:09 of 1st period - Slapshot by Jake McCabe.
11:09 of 1st period - Stopped by Thatcher Demko with a rebound.
11:21 of 1st period - Snap shot by Marcus Foligno.
11:21 of 1st period - Shot Blocked by Leo Carlsson.
11:25 of 1st period - Wrist shot by Conor Garland.
11:25 of 1st period - Stopped by Thatcher Demko with a rebound.
11:27 of 1st period - Wrist shot by David Kampf.
11:27 of 1st period - Shot Misses the Net.
11:29 of 1st period - Slapshot by David Kampf.
11:29 of 1st period - Shot Misses the Net.
12:20 of 1st period - Wrist shot by Christian Dvorak.
12:20 of 1st period - Shot Misses the Net.
12:22 of 1st period - Slapshot by Artem Zub.
12:22 of 1st period - Deflect By Cam Fowler.
12:22 of 1st period - Stopped by Igor Shesterkin without a rebound.
12:23 of 1st period - Mikael Granlund wins face-off versus Christian Dvorak in New York Rangers zone.
12:28 of 1st period - Taylor Raddysh is hit by Joe Pavelski and loses puck.
12:37 of 1st period - Wrist shot by Teuvo Teravainen.
12:37 of 1st period - Stopped by Thatcher Demko with a rebound.
13:56 of 1st period - Snap shot by Mikael Granlund.
13:56 of 1st period - Shot Blocked by Artem Zub.
13:58 of 1st period - Wrist shot by Joe Pavelski.
13:58 of 1st period - New York Rangers goal is going for a video replay.
13:58 of 1st period - The goal is refused. The puck has been directed, batted or thrown into the net by an attacking player other than with a stick..
13:59 of 1st period - Mikael Granlund wins face-off versus Alex DeBrincat in Nashville Predators zone.
14:00 of 1st period - Wrist shot by Joe Pavelski.
14:00 of 1st period - Stopped by Thatcher Demko without a rebound.
14:01 of 1st period - Dylan Strome wins face-off versus Colton Sissons in Nashville Predators zone.
14:04 of 1st period - Wrist shot by Mathew Barzal.
14:04 of 1st period - Shot Misses the Net.
14:47 of 1st period - Wrist shot by Brandon Hagel.
14:47 of 1st period - Shot Blocked by Teuvo Teravainen.
14:49 of 1st period - Slapshot by Mattias Samuelsson.
14:49 of 1st period - Stopped by Igor Shesterkin without a rebound.
14:50 of 1st period - Nathan MacKinnon wins face-off versus Alexander Wennberg in New York Rangers zone.
15:00 of 1st period - Off-side.
15:01 of 1st period - Dylan Strome wins face-off versus Alexander Wennberg in neutral zone.
15:06 of 1st period - Artem Zub is hit by Kyle Burroughs and loses puck.
15:53 of 1st period - Slapshot by Brandon Hagel.
15:53 of 1st period - Stopped by Igor Shesterkin with a rebound.
16:59 of 1st period - Snap shot by Pius Suter.
16:59 of 1st period - Shot Misses the Net.
17:01 of 1st period - Wrist shot by Leo Carlsson.
17:01 of 1st period - Stopped by Igor Shesterkin with a rebound.
17:45 of 1st period - Snap shot by Artemi Panarin.
17:45 of 1st period - Stopped by Thatcher Demko without a rebound.
17:46 of 1st period - Nathan MacKinnon wins face-off versus Thomas Novak in Nashville Predators zone.
17:52 of 1st period - Minor Penalty to Brandon Montour for Slashing.
17:53 of 1st period - Nathan MacKinnon wins face-off versus Colton Sissons in Nashville Predators zone.
18:17 of 1st period - Minor Penalty to Artemi Panarin for Roughing.
18:18 of 1st period - Colton Sissons wins face-off versus Nathan MacKinnon in New York Rangers zone.
18:21 of 1st period - Snap shot by Leo Carlsson.
18:21 of 1st period - Stopped by Igor Shesterkin without a rebound.
18:22 of 1st period - Dylan Strome wins face-off versus Colton Sissons in New York Rangers zone.
19:05 of 1st period - Alexander Wennberg is hit by Jake McCabe and loses puck.
19:38 of 1st period - Snap shot by Alexander Wennberg.
19:38 of 1st period - Stopped by Igor Shesterkin with a rebound.
19:40 of 1st period - Slapshot by Brandon Hagel.
19:40 of 1st period - Stopped by Igor Shesterkin with a rebound.
19:42 of 1st period - Slapshot by Rasmus Andersson.
19:42 of 1st period - Stopped by Igor Shesterkin with a rebound.
19:44 of 1st period - Wrist shot by Alexander Wennberg.
19:44 of 1st period - Nashville Predators goal is going for a video replay.
19:44 of 1st period - The goal is refused. The goal has been scored and an ineligible player is on the ice..
19:45 of 1st period - Joe Pavelski wins face-off versus Colton Sissons in New York Rangers zone.
19:52 of 1st period - Penalty to Brandon Montour is over, Brandon Montour is back on ice.
19:57 of 1st period - Wrist shot by Nathan MacKinnon.
19:57 of 1st period - Stopped by Thatcher Demko without a rebound.
19:58 of 1st period - David Kampf wins face-off versus Pius Suter in Nashville Predators zone.
Goals for this period are 3 for Nashville Predators vs 0 for New York Rangers.
Shots for this period are 14 for Nashville Predators vs 16 for New York Rangers.
2nd period
0:01 of 2nd period - Colton Sissons wins face-off versus Teuvo Teravainen in neutral zone.
0:17 of 2nd period - Penalty to Artemi Panarin is over, Artemi Panarin is back on ice.
0:25 of 2nd period - Wrist shot by Marcus Foligno.
0:25 of 2nd period - Shot Misses the Net.
0:27 of 2nd period - Slapshot by Kyle Burroughs.
0:27 of 2nd period - Deflect By Trevor Zegras.
0:27 of 2nd period - Stopped by Thatcher Demko without a rebound.
0:28 of 2nd period - Colton Sissons wins face-off versus Cole Caufield in Nashville Predators zone.
0:54 of 2nd period - Dylan Strome is hit by Timo Meier.
1:25 of 2nd period - Wrist shot by Leo Carlsson.
1:25 of 2nd period - Shot Misses the Net.
1:27 of 2nd period - Slapshot by Thomas Novak.
1:27 of 2nd period - Stopped by Igor Shesterkin with a rebound.
1:29 of 2nd period - Wrist shot by Pius Suter.
1:29 of 2nd period - Stopped by Igor Shesterkin with a rebound.
2:13 of 2nd period - Conor Garland is hit by Jack Roslovic and loses puck.
2:54 of 2nd period - Mathew Barzal is hit by Colton Sissons and loses puck.
3:11 of 2nd period - Artem Zub is hit by Cole Caufield and loses puck.
3:36 of 2nd period - Wrist shot by Mikael Granlund.
3:36 of 2nd period - Stopped by Thatcher Demko without a rebound.
3:37 of 2nd period - Mikael Granlund wins face-off versus Thomas Novak in Nashville Predators zone.
3:42 of 2nd period - Snap shot by Mikael Granlund.
3:42 of 2nd period - Stopped by Thatcher Demko with a rebound.
4:08 of 2nd period - Snap shot by Joe Pavelski.
4:08 of 2nd period - Stopped by Thatcher Demko with a rebound.
5:00 of 2nd period - Snap shot by Pius Suter.
5:00 of 2nd period - Shot Misses the Net.
5:02 of 2nd period - Slapshot by Ben Chiarot.
5:02 of 2nd period - Shot Misses the Net.
5:20 of 2nd period - Wrist shot by Teuvo Teravainen.
5:20 of 2nd period - Stopped by Thatcher Demko without a rebound.
5:21 of 2nd period - Artemi Panarin wins face-off versus Colton Sissons in Nashville Predators zone.
6:03 of 2nd period - Minor Penalty to Brandon Montour for Roughing.
6:04 of 2nd period - Nathan MacKinnon wins face-off versus Colton Sissons in Nashville Predators zone.
6:42 of 2nd period - Colton Sissons is hit by Conor Garland and loses puck.
8:03 of 2nd period - Penalty to Brandon Montour is over, Brandon Montour is back on ice.
8:12 of 2nd period - Marcus Foligno is hit by Taylor Raddysh and loses puck.
9:19 of 2nd period - Snap shot by Brandon Montour.
9:19 of 2nd period - Goal by Brandon Montour - Nashville Predators : 4 - New York Rangers : 0.
9:20 of 2nd period - Dylan Strome wins face-off versus Alex DeBrincat in neutral zone.
9:33 of 2nd period - Slapshot by Colton Sissons.
9:33 of 2nd period - Stopped by Igor Shesterkin with a rebound.
9:35 of 2nd period - Slapshot by Colton Sissons.
9:35 of 2nd period - Stopped by Igor Shesterkin with a rebound.
9:52 of 2nd period - Snap shot by Timo Meier.
9:52 of 2nd period - Shot Hit the Post.
9:54 of 2nd period - Wrist shot by Trevor Zegras.
9:54 of 2nd period - Stopped by Igor Shesterkin with a rebound.
10:10 of 2nd period - Snap shot by Brandon Montour.
10:10 of 2nd period - Stopped by Igor Shesterkin with a rebound.
10:52 of 2nd period - Slapshot by Mathew Barzal.
10:52 of 2nd period - Shot Misses the Net.
10:57 of 2nd period - Off-side.
10:58 of 2nd period - Nathan MacKinnon wins face-off versus Trevor Zegras in neutral zone.
11:36 of 2nd period - Wrist shot by Artemi Panarin.
11:36 of 2nd period - Shot Blocked by Travis Sanheim.
11:51 of 2nd period - Minor Penalty to Leo Carlsson for High sticking.
11:52 of 2nd period - Nathan MacKinnon wins face-off versus Colton Sissons in Nashville Predators zone.
12:19 of 2nd period - Travis Sanheim is hit by Joe Pavelski.
13:51 of 2nd period - Penalty to Leo Carlsson is over, Leo Carlsson is back on ice.
14:13 of 2nd period - Off-side.
14:14 of 2nd period - Mikael Granlund wins face-off versus Alexander Wennberg in neutral zone.
14:16 of 2nd period - Off-side.
14:17 of 2nd period - Alexander Wennberg wins face-off versus Mikael Granlund in neutral zone.
16:33 of 2nd period - Marcus Foligno is hit by Mattias Samuelsson and loses puck.
16:38 of 2nd period - Snap shot by Timo Meier.
16:38 of 2nd period - Stopped by Igor Shesterkin without a rebound.
16:39 of 2nd period - Colton Sissons wins face-off versus Dylan Strome in New York Rangers zone.
16:42 of 2nd period - Wrist shot by Alex DeBrincat.
16:42 of 2nd period - Shot Blocked by Dylan Strome.
16:44 of 2nd period - Slapshot by Rasmus Andersson.
16:44 of 2nd period - Shot Misses the Net.
17:17 of 2nd period - Snap shot by Nathan MacKinnon.
17:17 of 2nd period - Shot Blocked by Rasmus Andersson.
18:08 of 2nd period - Minor Penalty to Mathew Barzal for Hooking.
18:09 of 2nd period - Colton Sissons wins face-off versus Mikael Granlund in New York Rangers zone.
18:13 of 2nd period - Snap shot by Brandon Hagel.
18:13 of 2nd period - Stopped by Igor Shesterkin with a rebound.
18:15 of 2nd period - Slapshot by Artem Zub.
18:15 of 2nd period - Stopped by Igor Shesterkin without a rebound.
18:16 of 2nd period - Mikael Granlund wins face-off versus Colton Sissons in New York Rangers zone.
18:27 of 2nd period - Snap shot by Brandon Hagel.
18:27 of 2nd period - Shot Blocked by Marcus Foligno.
18:29 of 2nd period - Snap shot by Trevor Zegras.
18:29 of 2nd period - Stopped by Igor Shesterkin with a rebound.
18:31 of 2nd period - Wrist shot by Brandon Hagel.
18:31 of 2nd period - Stopped by Igor Shesterkin without a rebound.
18:32 of 2nd period - Pius Suter wins face-off versus Mikael Granlund in New York Rangers zone.
18:35 of 2nd period - Snap shot by Timo Meier.
18:35 of 2nd period - Shot Misses the Net.
18:37 of 2nd period - Snap shot by Travis Sanheim.
18:37 of 2nd period - Stopped by Igor Shesterkin with a rebound.
18:39 of 2nd period - Slapshot by Alex DeBrincat.
18:39 of 2nd period - Goal by Alex DeBrincat - Nashville Predators : 5 - New York Rangers : 0.
18:40 of 2nd period - Dylan Strome wins face-off versus Colton Sissons in neutral zone.
18:49 of 2nd period - Wrist shot by Artemi Panarin.
18:49 of 2nd period - Shot Blocked by Brandon Montour.
18:51 of 2nd period - Snap shot by Jake McCabe.
18:51 of 2nd period - Stopped by Thatcher Demko with a rebound.
18:53 of 2nd period - Wrist shot by Jake Walman.
18:53 of 2nd period - Deflect By Colton Sissons.
18:53 of 2nd period - Stopped by Thatcher Demko with a rebound.
18:55 of 2nd period - Wrist shot by Dylan Strome.
18:55 of 2nd period - Shot Misses the Net.
18:57 of 2nd period - Slapshot by Jake Walman.
18:57 of 2nd period - Shot Misses the Net.
19:31 of 2nd period - Christian Dvorak is hit by Adam Larsson and loses puck.
Goals for this period are 2 for Nashville Predators vs 0 for New York Rangers.
Shots for this period are 14 for Nashville Predators vs 7 for New York Rangers.
3rd period
0:01 of 3rd period - Dylan Strome wins face-off versus Colton Sissons in neutral zone.
0:26 of 3rd period - Brandon Montour is hit by Jake Walman and loses puck.
0:48 of 3rd period - Off-side.
0:49 of 3rd period - Pius Suter wins face-off versus Mikael Granlund in neutral zone.
0:52 of 3rd period - Joe Pavelski is hit by Thomas Novak and loses puck.
1:07 of 3rd period - Backhand shot by Thomas Novak.
1:07 of 3rd period - Shot Hit the Post.
1:15 of 3rd period - Artem Zub is hit by Joe Pavelski.
1:21 of 3rd period - Wrist shot by Joe Pavelski.
1:21 of 3rd period - Stopped by Thatcher Demko without a rebound.
1:22 of 3rd period - Dylan Strome wins face-off versus Colton Sissons in Nashville Predators zone.
1:49 of 3rd period - Snap shot by Nathan MacKinnon.
1:49 of 3rd period - Stopped by Thatcher Demko without a rebound.
1:50 of 3rd period - Nathan MacKinnon wins face-off versus Alexander Wennberg in Nashville Predators zone.
1:59 of 3rd period - Snap shot by Nathan MacKinnon.
1:59 of 3rd period - Shot Blocked by Trevor Zegras.
2:01 of 3rd period - Wrist shot by Nathan MacKinnon.
2:01 of 3rd period - Stopped by Thatcher Demko with a rebound.
2:03 of 3rd period - Snap shot by Nathan MacKinnon.
2:03 of 3rd period - Stopped by Thatcher Demko without a rebound.
2:04 of 3rd period - Dylan Strome wins face-off versus Colton Sissons in Nashville Predators zone.
2:11 of 3rd period - Wrist shot by Artemi Panarin.
2:11 of 3rd period - Stopped by Thatcher Demko with a rebound.
2:13 of 3rd period - Slapshot by Cam Fowler.
2:13 of 3rd period - Shot Blocked by Brandon Montour.
2:15 of 3rd period - Snap shot by Adam Larsson.
2:15 of 3rd period - Shot Blocked by Colton Sissons.
2:17 of 3rd period - Snap shot by Adam Larsson.
2:17 of 3rd period - Deflect By Alex DeBrincat.
2:17 of 3rd period - Stopped by Thatcher Demko with a rebound.
2:19 of 3rd period - Wrist shot by Artemi Panarin.
2:19 of 3rd period - Stopped by Thatcher Demko with a rebound.
2:21 of 3rd period - Wrist shot by Dylan Strome.
2:21 of 3rd period - Deflect By Artemi Panarin.
2:21 of 3rd period - Stopped by Thatcher Demko with a rebound.
2:38 of 3rd period - Slapshot by Cole Caufield.
2:38 of 3rd period - Stopped by Thatcher Demko with a rebound.
2:40 of 3rd period - Snap shot by Jake McCabe.
2:40 of 3rd period - Stopped by Thatcher Demko without a rebound.
2:41 of 3rd period - Alexander Wennberg wins face-off versus Mikael Granlund in Nashville Predators zone.
3:08 of 3rd period - Artemi Panarin is hit by Thomas Novak and loses puck.
3:41 of 3rd period - Snap shot by Alex DeBrincat.
3:41 of 3rd period - Shot Blocked by Cole Caufield.
4:06 of 3rd period - Minor Penalty to Marcus Foligno for Holding.
4:07 of 3rd period - David Kampf wins face-off versus Pius Suter in New York Rangers zone.
4:20 of 3rd period - Slapshot by David Kampf.
4:20 of 3rd period - Shot Blocked by Rasmus Andersson.
4:32 of 3rd period - Mikael Granlund is hit by Colton Sissons and loses puck.
4:39 of 3rd period - Snap shot by Brandon Hagel.
4:39 of 3rd period - Shot Misses the Net.
6:06 of 3rd period - Penalty to Marcus Foligno is over, Marcus Foligno is back on ice.
6:11 of 3rd period - Jake McCabe is hit by Brandon Montour and loses puck.
6:16 of 3rd period - Wrist shot by Christian Dvorak.
6:16 of 3rd period - Shot Misses the Net.
6:18 of 3rd period - Snap shot by Ben Chiarot.
6:18 of 3rd period - Shot Misses the Net.
6:20 of 3rd period - Slapshot by Mattias Samuelsson.
6:20 of 3rd period - Stopped by Igor Shesterkin with a rebound.
6:22 of 3rd period - Slapshot by Mattias Samuelsson.
6:22 of 3rd period - Shot Blocked by Mikael Granlund.
6:24 of 3rd period - Slapshot by Taylor Raddysh.
6:24 of 3rd period - Stopped by Igor Shesterkin with a rebound.
7:15 of 3rd period - Off-side.
7:16 of 3rd period - Christian Dvorak wins face-off versus Dylan Strome in neutral zone.
7:43 of 3rd period - Slapshot by Brandon Hagel.
7:43 of 3rd period - Stopped by Igor Shesterkin with a rebound.
7:54 of 3rd period - Off-side.
7:55 of 3rd period - Mikael Granlund wins face-off versus Thomas Novak in neutral zone.
7:58 of 3rd period - Wrist shot by Teuvo Teravainen.
7:58 of 3rd period - Stopped by Thatcher Demko without a rebound.
7:59 of 3rd period - Thomas Novak wins face-off versus Joe Pavelski in Nashville Predators zone.
8:06 of 3rd period - Wrist shot by Leo Carlsson.
8:06 of 3rd period - Shot Misses the Net.
8:08 of 3rd period - Slapshot by Mattias Samuelsson.
8:08 of 3rd period - Shot Blocked by Kyle Burroughs.
8:10 of 3rd period - Slapshot by Mattias Samuelsson.
8:10 of 3rd period - Shot Blocked by Brendan Smith.
8:20 of 3rd period - Snap shot by Pius Suter.
8:20 of 3rd period - Deflect By Leo Carlsson.
8:20 of 3rd period - Shot Misses the Net.
8:20 of 3rd period - Puck is out of play.
8:21 of 3rd period - Colton Sissons wins face-off versus Mathew Barzal in New York Rangers zone.
8:22 of 3rd period - Snap shot by Alex DeBrincat.
8:22 of 3rd period - Shot Blocked by Jake Walman.
8:48 of 3rd period - Nathan MacKinnon is hit by Artem Zub and loses puck.
9:37 of 3rd period - Minor Penalty to Kyle Burroughs for Holding.
9:38 of 3rd period - Teuvo Teravainen wins face-off versus Leo Carlsson in New York Rangers zone.
11:37 of 3rd period - Penalty to Kyle Burroughs is over, Kyle Burroughs is back on ice.
11:46 of 3rd period - Snap shot by Jack Roslovic.
11:46 of 3rd period - Shot Blocked by Brendan Smith.
11:48 of 3rd period - Slapshot by Ben Chiarot.
11:48 of 3rd period - Shot Blocked by Mathew Barzal.
11:50 of 3rd period - Slapshot by Ben Chiarot.
11:50 of 3rd period - Stopped by Igor Shesterkin with a rebound.
11:52 of 3rd period - Snap shot by Taylor Raddysh.
11:52 of 3rd period - Goal by Taylor Raddysh - Nashville Predators : 6 - New York Rangers : 0.
11:53 of 3rd period - Dylan Strome wins face-off versus Colton Sissons in neutral zone.
12:02 of 3rd period - Snap shot by Mathew Barzal.
12:02 of 3rd period - Shot Misses the Net.
12:04 of 3rd period - Snap shot by Adam Larsson.
12:04 of 3rd period - Shot Misses the Net.
12:06 of 3rd period - Wrist shot by Adam Larsson.
12:06 of 3rd period - Goal by Adam Larsson - Nashville Predators : 6 - New York Rangers : 1.
12:07 of 3rd period - Brandon Hagel wins face-off versus Dylan Strome in neutral zone.
12:10 of 3rd period - Dylan Strome is hit by Artem Zub and loses puck.
12:23 of 3rd period - Snap shot by Mathew Barzal.
12:23 of 3rd period - Stopped by Thatcher Demko with a rebound.
12:58 of 3rd period - Pius Suter is hit by Nathan MacKinnon and loses puck.
13:05 of 3rd period - Slapshot by Travis Sanheim.
13:05 of 3rd period - Shot Misses the Net.
13:19 of 3rd period - Jake McCabe is hit by Brandon Hagel and loses puck.
14:22 of 3rd period - Wrist shot by Cole Caufield.
14:22 of 3rd period - Shot Misses the Net.
14:56 of 3rd period - Trevor Zegras is hit by Conor Garland.
15:02 of 3rd period - Snap shot by Trevor Zegras.
15:02 of 3rd period - Stopped by Igor Shesterkin with a rebound.
15:04 of 3rd period - Wrist shot by Trevor Zegras.
15:04 of 3rd period - Shot Misses the Net.
15:24 of 3rd period - Teuvo Teravainen is hit by Ben Chiarot.
15:40 of 3rd period - Snap shot by Alex DeBrincat.
15:40 of 3rd period - Shot Blocked by Cam Fowler.
16:44 of 3rd period - Off-side.
16:45 of 3rd period - David Kampf wins face-off versus Thomas Novak in neutral zone.
17:00 of 3rd period - Slapshot by Travis Sanheim.
17:00 of 3rd period - Shot Misses the Net.
17:10 of 3rd period - Mathew Barzal is hit by Travis Sanheim and loses puck.
17:19 of 3rd period - Wrist shot by Alex DeBrincat.
17:19 of 3rd period - Stopped by Igor Shesterkin with a rebound.
17:29 of 3rd period - Slapshot by Christian Dvorak.
17:29 of 3rd period - Goal by Christian Dvorak - Nashville Predators : 7 - New York Rangers : 1.
17:30 of 3rd period - Dylan Strome wins face-off versus Colton Sissons in neutral zone.
17:32 of 3rd period - Brandon Hagel beats up Adam Larsson.
17:32 of 3rd period - Penalty to Adam Larsson for Fighting.
17:32 of 3rd period - Penalty to Brandon Hagel for Fighting.
17:33 of 3rd period - Colton Sissons wins face-off versus Dylan Strome in Nashville Predators zone.
17:44 of 3rd period - Snap shot by Artemi Panarin.
17:44 of 3rd period - Stopped by Thatcher Demko without a rebound.
17:45 of 3rd period - Colton Sissons wins face-off versus Dylan Strome in Nashville Predators zone.
19:24 of 3rd period - Slapshot by Jake McCabe.
19:24 of 3rd period - Deflect By Artemi Panarin.
19:24 of 3rd period - Shot Misses the Net.
19:24 of 3rd period - Puck is out of play.
19:25 of 3rd period - Thomas Novak wins face-off versus Dylan Strome in Nashville Predators zone.
19:25 of 3rd period - Thomas Novak is hit by Brendan Smith.
19:43 of 3rd period - Minor Penalty to Dylan Strome for Roughing.
19:44 of 3rd period - Mikael Granlund wins face-off versus Leo Carlsson in New York Rangers zone.
19:57 of 3rd period - Snap shot by Leo Carlsson.
19:57 of 3rd period - Shot Misses the Net.
19:59 of 3rd period - Snap shot by Leo Carlsson.
19:59 of 3rd period - Stopped by Igor Shesterkin with a rebound.
Goals for this period are 2 for Nashville Predators vs 1 for New York Rangers.
Shots for this period are 9 for Nashville Predators vs 14 for New York Rangers.
Back to the Top